 Dungeon Crawl Stone Soup version 0.30-a0-634-g8abc85282e (webtiles) character file.

Game seed: 13992332348869081795

95 kae the Changer (level 4, -1/29 (32) HPs)
             Began as a Demonspawn Transmuter on Jan 14, 2023.
             Slain by Ijyb
             ... wielding a +0 dagger of draining
              (3 damage)
             ... on level 3 of the Dungeon.
             The game lasted 00:02:02 (2172 turns).

kae the Changer (Demonspawn Transmuter)             Turns: 2172, Time: 00:02:03

HP:   -1/29 (32)    AC:  2    Str: 11    XL:     4   Next: 40%
MP:   3/8           EV: 12    Int: 16    God:
Gold: 78            SH:  0    Dex: 19    Spells: 2/8 levels left

rFire   . . .      SeeInvis .      - Unarmed
rCold   . . .      Faith    .    (no shield)
rNeg    . . .      Spirit   .    a - +0 robe
rPois   .          Reflect  .    (no helmet)
rElec   .          Harm     .    (no cloak)
rCorr   .          Rampage  .    (no gloves)
Will    .....                    (no boots)
Stlth   ++                       (no amulet)
HPRegen 0.24/turn                D - +6 ring of dexterity
MPRegen 0.11/turn                (no ring)

@: wereblooded, drained
A: demonic guardian 1
a: no special abilities


You were on level 3 of the Dungeon.
You visited 1 branch of the dungeon, and saw 3 of its levels.

You collected 78 gold pieces.


Innate Abilities, Weirdness & Mutations

A weak demonic guardian rushes to your aid.


   Skills:
 - Level 1.0 Fighting
 - Level 1.7 Dodging
 + Level 3.2 Unarmed Combat
 + Level 2.6 Spellcasting
 * Level 3.2 Transmutations
 + Level 0.5 Poison Magic


You had 2 spell levels left.
You knew the following spells:

 Your Spells              Type           Power      Damage    Failure   Level
a - Beastly Appendage     Tmut           24%        N/A       4%          1
b - Wereblood             Tmut           12%        N/A       8%          2
c - Spider Form           Tmut/Pois      8%         N/A       26%         3

Your spell library contained the following spells:

 Spells                   Type           Power      Damage    Failure   Level
 Summon Guardian Golem    Hex/Summ       2%         N/A       50%         3
 Ice Form                 Ice/Tmut       7%         N/A       69%         4
 Orb of Destruction       Conj           1%         9d5       100%        7
 Spellforged Servitor     Conj/Summ      1%         N/A       100%        7

Inventory:

Missiles
 d - 11 javelins
 e - 18 stones
 j - 4 boomerangs
 m - 6 poisoned darts
Armour
 a - a +0 robe (worn)
Magical Staves
 i - a staff of air {!a}
   (You found it on level 2 of the Dungeon)
Jewellery
 D - a +6 ring of dexterity (left hand)
   (You found it on level 1 of the Dungeon)
 T - an amulet of faith {!P}
   (You found it on level 2 of the Dungeon)
Scrolls
 f - a scroll of magic mapping {unknown}
 g - a scroll of noise {unknown}
 h - 3 scrolls of identify {unknown}
 k - a scroll of fear {unknown}
 l - a scroll of immolation {unknown}
Potions
 b - a potion of lignification {!q}
 c - 3 potions of curing {unknown}

Dungeon Overview and Level Annotations

Branches:
Dungeon (3/15) Zot: 15833

Altars:

Annotations:
D:3 Ijyb

######.####
#8.....8# #.#
#.......######.#
#8.....8#....#.#
#.......#....#.#
#8.....8#....#.##
#.......#....#..#
#8$....8#.5.....#
.......g@g...#..#
.......g######..#
######### #..#
####


You could see Ijyb (extremely poisoned, ally target), 2 goblins and a friendly
white imp (summoned).


Message History

There are monsters nearby!
Casting: Spider Form (quite dangerous; 28% risk of failure)
Confirm with . or Enter, or press ? or * to list all spells.
You grow a pair of large bovine horns.
Your feet morph into talons. 😎 MP[-1]
You lost 1 mp, and now have 6/7 mp.
You barely miss the rat. You closely miss the rat. You headbutt the rat.
The rat closely misses you.
There are monsters nearby!
You completely miss the rat. You claw the rat.
You kill the rat!
The rat closely misses you.
A rat is nearby!
You hit the rat.
You kill the rat!
No target in view!
e - 18 stones (gained 9)
Your transformation is almost over. 2 goblins come into view. 😎 MP[+1]
Your mp is fully restored (7).
There are monsters nearby! 4 goblins come into view.
The goblin shouts!
Ijyb the Twisted Goblin comes into view.
She is wielding a +0 dagger of draining and carrying a wand of mindburst (13).
The goblin shouts! x2; Ijyb shouts!
The goblin shouts!
Unknown command.
Casting: Beastly Appendage (safe; 5% risk of failure)
Confirm with . or Enter, or press ? or * to list all spells.
The spell is quite dangerous to miscast (26% risk of failure)!
Continue anyway? [Y]es or [N]o only, please.
The spell is quite dangerous to miscast (26% risk of failure)!
Continue anyway?
Your horns disappear.
Your talons disappear.
You turn into a venomous arachnid creature.
Your +0 robe melds into your body. 😎 MP[-3]
You lost 3 mp, and now have 4/7 mp.
Casting: Spider Form (extremely dangerous; 47% risk of failure)
Confirm with . or Enter, or press ? or * to list all spells.
Your blood is infused with primal strength. 😎 MP[-2]
You lost 2 mp, and now have 2/7 mp.
You barely miss the goblin. You hit the goblin.
Your transformation is almost over.
The goblin misses you.
The goblin hits you with a +0 dagger. 😕 HP[-3]
You take 3 damage, and now have 29/32 hp.
You hit the goblin.
You feel a bit better.
You kill the goblin!
The goblin hits you with a +0 dagger.
You hit the goblin.
The goblin is poisoned.
You hiss as the wereblood boils in your veins!
Ijyb screams, "I dance on your bones!" The goblin misses you. x2 😕 HP[+2]
You regained 2 hp, and now have 31/32 hp.
You hit the goblin.
You feel a bit better.
You kill the goblin!
You hiss as the wereblood boils in your veins!
Ijyb zaps a wand.
You barely resist. The goblin hits you with a +0 dagger.
You bite the goblin!
You feel a bit better.
You kill the goblin!
Ijyb zaps a wand.
Your mind is blasted!
Ouch! That really hurt!
* * * LOW HITPOINT WARNING * * *
A demonic guardian appears! 😨 HP[-19]
You take 19 damage, and now have 12/32 hp.
MASSIVE DAMAGE!! (PAUSE)
You hit the goblin but do no damage.
The goblin is poisoned. 😨 MP[+1]
You hit Ijyb but do no damage.
Ijyb is poisoned.
You kill the goblin!
You bite Ijyb!
Ijyb looks as sick as possible!
Your white imp hits Ijyb but does no damage.
Ijyb hits you with a +0 dagger of draining.
* * * LOW HITPOINT WARNING * * *
You feel drained. The goblin closely misses you.
Your white imp closely misses Ijyb.
Things that are here:
a +0 dagger; a +0 dagger; a goblin corpse 😨 HP[-4]
You now have 30 max hp (-2).
You take 4 damage, and now have 8/30 hp.
You closely miss the goblin.
Your transformation has ended.
Your +0 robe unmelds from your body.
The goblin hits you with a +0 dagger.
* * * LOW HITPOINT WARNING * * *
Ijyb hits you with a +0 dagger of draining.
* * * LOW HITPOINT WARNING * * *
You feel drained.
* * * LOW HITPOINT WARNING * * *
The goblin barely misses you.
Your white imp closely misses Ijyb.
You hit Ijyb. The goblin hits you with a +0 club.
* * * LOW HITPOINT WARNING * * *
Ijyb hits you with a +0 dagger of draining.
You die...

Skill      XL: |  1  2  3 |
---------------+----------+-----
Transmutations | 2 3 |  3.2
Unarmed Combat | 3 |  3.2
Fighting       | |  1.0
Dodging        | |  1.7
Spellcasting   | |  2.6
Poison Magic   | |  0.5

Action                   |  1- 3 |  4- 6 || total
-------------------------+-------+-------++-------
Melee: Unarmed           |    85 |    15 ||   100
       Headbutt          |    12 |     1 ||    13
       Kick              |    17 |     1 ||    18
       Punch             |     1 |       ||     1
 Cast: Beastly Appendage |    21 |     1 ||    22
       Spider Form       |     1 |     1 ||     2
       Wereblood         |     1 |     1 ||     2
 Stab: Sleeping          |     2 |       ||     2
Armor: Robe              |    22 |       ||    22
Dodge: Dodged            |    64 |     7 ||    71

Levels and vault maps discovered:
D:1:      minmay_arrival_loop, layout_basic, nicolae_ecumenical_snake_handling
D:2:      layout_basic, minmay_domino_2, uniq_crazy_yiuf_cottage
D:3:      kennysheep_the_goblin_king, layout_rooms

Notes
Turn   | Place    | Note
-------+----------+-------------------------------------------
     0 | D:1      | kae the Demonspawn Transmuter began the quest for the Orb.
     0 | D:1      | Reached XP level 1. HP: 15/15 MP: 3/3
     0 | D:1      | magus.rc [v1.11.3]
    71 | D:1      | Reached skill level 2 in Transmutations
   343 | D:1      | Gained mutation: A weak demonic guardian rushes to your
                  | aid. [demonic ancestry]
   343 | D:1      | Reached XP level 2. HP: 14/21 MP: 5/5
   405 | D:1      | Found a faded altar of an unknown god.
   918 | D:2      | Identified the +2 falchion of Ficwaosa {holy, +Blink rC+
                  | Will- Str+4}
  1043 | D:2      | Reached skill level 3 in Unarmed Combat
  1043 | D:2      | Reached XP level 3. HP: 25/26 MP: 4/6
  1046 | D:2      | Learned a level 2 spell: Wereblood
  1352 | D:2      | You pick up a book of Dangerous Friends and begin
                  | reading...
  1352 | D:2      | You add the spells Summon Guardian Golem, Orb of
                  | Destruction and Spellforged Servitor to your library.
  1529 | D:2      | Reached skill level 3 in Transmutations
  1535 | D:2      | Learned a level 3 spell: Spider Form
  1711 | D:2      | Found a runed translucent door.
  1712 | D:2      | Noticed Crazy Yiuf
  2048 | D:2      | Killed Crazy Yiuf
  2049 | D:2      | Reached XP level 4. HP: 32/32 MP: 2/7
  2153 | D:3      | Noticed Ijyb
  2170 | D:3      | HP: 8/32 [Ijyb/+0 dagger of draining (5)]
  2171 | D:3      | HP: 3/29 [Ijyb/+0 dagger of draining (1)]
  2172 | D:3      | Slain by Ijyb

Vanquished Creatures
  Crazy Yiuf (D:2)
  2 adders (D:2)
  2 dart slugs (D:1)
  7 endoplasms
  8 goblins
  2 hobgoblins
  6 ball pythons
  6 bats
  2 frilled lizards
  5 kobolds (D:2)
  3 rats
44 creatures vanquished.

Vanquished Creatures (collateral kills)
  A quokka (D:1)
1 creature vanquished.

Grand Total: 45 creatures vanquished

Table legend:
 A = Non-vault XP
 B = Vault XP
 C = Vault XP percentage of total XP
 D = Non-vault monster count
 E = Vault monster count
 F = Vault count percentage of total count
                 A         B        C        D         E       F
            +---------+---------+-------+---------+---------+-------
      Total |      73 |      64 |  46.7 |      36 |       9 |  20.0
            +---------+---------+-------+---------+---------+-------
        D:1 |      26 |       4 |  13.3 |      14 |       2 |  12.5
        D:2 |      45 |      53 |  54.1 |      20 |       3 |  13.0
        D:3 |       2 |       7 |  77.8 |       2 |       4 |  66.7
            +---------+---------+-------+---------+---------+-------

Illustrated notes

Table legend:
 A = Kills in this place as a percentage of kills in entire the game.
 B = Kills by you in this place as a percentage of kills by you in the entire game.
 C = Kills by friends in this place as a percentage of kills by friends in the entire game.
 D = Other kills in this place as a percentage of other kills in the entire game.
 E = Experience gained in this place as a percentage of experience gained in the entire game.
 F = Experience gained in this place divided by the number of levels of this place that you have seen.
                   A       B       C       D       E      F
               +-------+-------+-------+-------+-------+----------------------
         Total | 100.0 | 100.0 | 100.0 |   N/A | 100.0 |  45.7
       Dungeon | 100.0 | 100.0 | 100.0 |   N/A | 100.0 |  45.7
               +-------+-------+-------+-------+-------+----------------------

Table legend: (Time is in decaauts)
 A = Elapsed time spent in this place.
 B = Non-inter-level travel time spent in this place.
 C = Inter-level travel time spent in this place.
 D = Time resting spent in this place.
 E = Time spent auto-exploring this place.
 F = Levels seen in this place.
 G = Mean time per level.
                   A        B        C        D        E       F      G
               +--------+--------+--------+--------+--------+-----+--------+
         Total |   2165 |   2105 |     60 |     23 |   1770 |   3 |  721.7 |
       Dungeon |   2165 |   2105 |     60 |     23 |   1770 |   3 |  721.7 |
               +--------+--------+--------+--------+--------+-----+--------+

Top non-repeatable levels by time:
     D:2: 1190 daAuts
     D:1: 913 daAuts
     D:3: 62 daAuts
